 Dungeon Crawl Stone Soup version 0.29.0-4-gdea44cf6ec (webtiles) character file.

Game seed: 5077817382362537786

3 qw the Sneak (level 1, -3/14 HPs)
             Began as a Gargoyle Delver on Sept 10, 2022.
             Slain by a worm (4 damage)
             ... on level 4 of the Dungeon.
             The game lasted 00:00:08 (736 turns).

qw the Sneak (Gargoyle Delver)                       Turns: 736, Time: 00:00:09

Health: -3/14      AC:  7    Str: 15    XL:     1   Next: 50%
Magic:  1/1        EV: 10    Int: 10    God:
Gold:   16         SH:  0    Dex: 11    Spells: 0/0 levels left

rFire   . . .      SeeInvis .   a - +0 hand axe
rCold   . . .      Faith    .   (no shield)
rNeg    + . .      Spirit   .   h - +0 ring mail
rPois   inf        Reflect  .   (no helmet)
rElec   +          Harm     .   (no cloak)
rCorr   .          Rampage  .   (no gloves)
Will    .....                   (no boots)
Stlth   ++........              (no amulet)
HPRegen 0.04/turn               (no ring)
MPRegen 0.07/turn               (no ring)

@: no status effects
A: sickness immunity, AC +2, negative energy resistance 1, electricity
resistance, torment resistance 1, petrification resistance
a: no special abilities


You were on level 4 of the Dungeon.
You visited 2 branches of the dungeon, and saw 3 of its levels.

You collected 16 gold pieces.


Innate Abilities, Weirdness & Mutations

You are immune to sickness and miasma.
Your stone body is resilient. (AC +2)
You are immune to poison.
You resist negative energy. (rN+)
You are resistant to electric shocks. (rElec)
You are resistant to unholy torment.
You are immune to petrification.


   Skills:
 - Level 3.2 Fighting
 + Level 2.1 Axes
 - Level 1.5 Dodging
 - Level 5.4 Stealth


You couldn't memorise any spells.
You didn't know any spells.
Your spell library was empty.

Inventory:

Hand Weapons
 a - a +0 hand axe (weapon)
 c - a +0 mace
Armour
 h - a +0 ring mail (worn)
Wands
 g - a wand of digging (3)
Scrolls
 b - a scroll of identify {unknown}
Potions
 f - a potion of haste

Dungeon Overview and Level Annotations

Branches:
Dungeon (5/15)             Temple (1/1) D:5

Altars:
Ashenzari
Elyvilon
Fedhas
Gozag
Hepliaklqana
Makhleb
Qazlal
Ru
Sif Muna
Trog
Vehumet
Wu Jian
Zin

Shops:
D:5 !


Message History

b - a scroll labelled KELUOJ FAWANE
Enter note: An orc comes into view. It is wielding a +0 mace.
You slash the orc!
You kill the orc!
Your Axes skill increases to level 2!
c - a +0 mace You see here an orc corpse.
A worm comes into view.
The worm moves out of view.
An orc comes into view. It is wielding a +0 flail.
725 ||| Stepping ~*~*~tactically~*~*~ (stealth).
You barely miss the worm. You hit the worm.
The worm is lightly wounded.
The worm barely misses you.
You hit the worm.
The worm is lightly wounded.
The worm bites you.
You barely miss the worm.
The worm is lightly wounded.
You hit the worm but do no damage.
The worm is lightly wounded.
The worm bites you but does no damage.
You hit the worm.
The worm is lightly wounded.
The worm bites you.
You hit the worm but do no damage.
The worm is lightly wounded.
You hit the worm but do no damage.
The worm is lightly wounded.
The worm bites you!
Ouch! That really hurt!
You hit the worm.
The worm is lightly wounded.
The worm bites you but does no damage.
You completely miss the worm.
The worm is lightly wounded.
The worm bites you.
You die...

. ##### .. #...##
#### ... +....#
#... ....
#....###..# .....
#....##..#
o.....##@.......#
...o...w....#..##
......##....##.#
.....
#....##.#..## #..
....
#....#.%##..##..#
.##
#....#...#......#.
#....#...##....##.
.....+....#....#..
.....#...........#


You could see a worm and an orc (wandering).

Vanquished Creatures
  An orc (D:4)
  A quokka (D:5)
2 creatures vanquished.

Notes
Turn   | Place    | Note
-------+----------+-------------------------------------------
     0 | D:5      | qw the Gargoyle Delver began the quest for the Orb.
     0 | D:5      | Reached XP level 1. HP: 14/14 MP: 1/1
     0 | D:5      | 0 ||| qw: Version: 0.1-a-117-gfe26ee0
     0 | D:5      | 0 ||| qw: Game counter: 9675
     0 | D:5      | 0 ||| qw: Always use a shield: true
     0 | D:5      | 0 ||| qw: God list: Okawaru
     0 | D:5      | 0 ||| qw: Allow faded altars: false
     0 | D:5      | 0 ||| qw: Do Orc after D:15 true
     0 | D:5      | 0 ||| qw: Do second Lair branch before Depths: true
     0 | D:5      | 0 ||| qw: Lair rune preference: random
     0 | D:5      | 0 ||| qw: Plans: Normal
     0 | D:5      | 0 ||| PLANNING D:1-11
    22 | D:5      | HP: 3/14 [quokka (4)]
   282 | D:5      | Found Gidd's Distillery.
   290 | D:5      | 290 ||| SHOPLISTING potion of curing (42 gold, have 16).
   290 | D:5      | 290 ||| SHOPLISTING potion of haste (140 gold, have 16).
   290 | D:5      | 290 ||| SHOPLISTING potion of heal wounds (70 gold, have
                  | 16).
   290 | D:5      | 290 ||| SHOPLISTING potion of might (56 gold, have 16).
   290 | D:5      | 290 ||| SHOPLISTING potion of mutation (112 gold, have 16).
   313 | D:5      | Found a staircase to the Ecumenical Temple.
   314 | D:5      | 314 ||| PLANNING TEMPLE
   314 | D:5      | 314 ||| UPGRADING to +0 ring mail.
   324 | D:5      | 324 ||| DROPPING +0 leather armour.
   325 | D:5      | 325 ||| DROPPING scroll of fog.
   326 | D:5      | 326 ||| DROPPING scroll of magic mapping.
   327 | D:5      | 327 ||| DROPPING scroll of fear.
   336 | Temple   | Entered the Ecumenical Temple
   607 | Temple   | 607 ||| PLANNING D:1-11
   725 | D:4      | 725 ||| Stepping ~*~*~tactically~*~*~ (stealth).
   734 | D:4      | HP: 1/14 [worm (8)]
   736 | D:4      | Slain by a worm

Levels and vault maps discovered:
D:4:      layout_gridville, gammafunk_ghost_cemetery, minmay_misc_feat_iff
D:5:      layout_basic, lemuel_temple_firewalk_b, ebering_ghost_rock_garden,
          serial_shops, nicolae_shop_stone
Temple:   oiseaux_autumnal_temple

Skill      XL: |  1 |
---------------+----+-----
Axes           | 2 |  2.1
Fighting       | |  3.2
Dodging        | |  1.5
Stealth        | |  5.4

Action                   || total
-------------------------++-------
Melee: Hand axe          ||    16
Armor: Ring mail         ||     2
Dodge: Dodged            ||     2

Table legend:
 A = Non-vault XP
 B = Vault XP
 C = Vault XP percentage of total XP
 D = Non-vault monster count
 E = Vault monster count
 F = Vault count percentage of total count
                 A         B        C        D         E       F
            +---------+---------+-------+---------+---------+-------
      Total |       5 |       0 |   0.0 |       2 |       0 |   0.0
            +---------+---------+-------+---------+---------+-------
        D:4 |       3 |       0 |   0.0 |       1 |       0 |   0.0
        D:5 |       2 |       0 |   0.0 |       1 |       0 |   0.0
            +---------+---------+-------+---------+---------+-------
